 Dungeon Crawl Stone Soup version 0.25.0-3-gd7cc5688da (webtiles) character file.

Game seed: 9262361046922764170

314 xccam the Skirmisher (level 6, -4/53 HPs)
             Began as a Gnoll Wanderer on June 15, 2020.
             Killed by nerve-wracking pain
             ... invoked by an orc priest
              (13 damage)
             ... on level 4 of the Dungeon.
             The game lasted 00:07:48 (3816 turns).

xccam the Skirmisher (Gnoll Wanderer)               Turns: 3816, Time: 00:07:49

Health: -4/53      AC: 10    Str: 18    XL:     6   Next: 43%
Magic:  8/8        EV: 12    Int: 13    God:
Gold:   170        SH:  0    Dex: 14    Spells: 8/8 levels left

rFire    . . .     SeeInvis .   a - +0 hand axe
rCold    . . .     Gourm    .   m - +0 buckler {AC+3}
rNeg     . . .     Faith    .   p - +0 ring mail
rPois    .         Spirit   .   x - +1 helmet
rElec    .         Reflect  .   (no cloak)
rCorr    .         Harm     .   (no gloves)
MR       .....                  (no boots)
Stlth    ..........             (no amulet)
HPRegen  0.17/turn              (no ring)
MPRegen  0.11/turn              (no ring)

@: confused
A: distributed training, fangs 1, strong nose
a: no special abilities


You were on level 4 of the Dungeon.
You were not hungry.

You visited 1 branch of the dungeon, and saw 4 of its levels.
You also visited: Sewer.

You collected 170 gold pieces.

Inventory:

Hand Weapons
 a - a +0 hand axe (weapon)
 b - a +0 hunting sling
Missiles
 r - 103 stones (quivered)
 u - 34 sling bullets
Armour
 m - a +0 buckler of protection (worn)
 p - a +0 ring mail (worn)
 x - a +1 helmet (worn)
Jewellery
 s - an uncursed ring of magical power
Wands
 y - a wand of digging (4)
Scrolls
 e - 3 scrolls of enchant armour
 f - a scroll of enchant weapon {unknown}
 h - 2 scrolls of identify
 i - 2 scrolls of amnesia
 j - a scroll of remove curse {unknown}
 n - 2 scrolls of fog
 o - a scroll of fear {unknown}
 q - a scroll of noise {unknown}
 v - a scroll of magic mapping
 w - a scroll of teleportation {unknown}
Potions
 c - a potion of haste
 g - 2 potions of stabbing
 l - 3 potions of flight
 t - a potion of cancellation {unknown}
Comestibles
 d - 8 rations
 A - 6 chunks of flesh


   Skills:
 + Level 6.8 Fighting
 + Level 1.9 Short Blades
 + Level 1.9 Long Blades
 + Level 3.2 Axes
 + Level 1.9 Maces & Flails
 + Level 1.9 Polearms
 + Level 1.9 Staves
 + Level 1.9 Slings
 + Level 1.9 Bows
 + Level 1.9 Crossbows
 + Level 3.2 Throwing
 + Level 3.2 Armour
 + Level 3.2 Dodging
 + Level 3.0 Stealth
 + Level 1.9 Shields
 + Level 3.2 Unarmed Combat
 + Level 1.9 Spellcasting
 + Level 1.5 Conjurations
 + Level 1.5 Hexes
 + Level 1.5 Charms
 + Level 1.5 Summonings
 + Level 1.5 Necromancy
 + Level 1.5 Translocations
 + Level 1.5 Transmutations
 + Level 1.5 Fire Magic
 + Level 1.5 Ice Magic
 + Level 1.5 Air Magic
 + Level 1.5 Earth Magic
 + Level 1.5 Poison Magic
 + Level 2.1 Invocations
 + Level 3.2 Evocations


You had 8 spell levels left.
You didn't know any spells.
Your spell library was empty.

Dungeon Overview and Level Annotations

Branches:
Dungeon (4/15)              Sewer (visited)
 Temple: D:4-7

Altars:
Fedhas


Innate Abilities, Weirdness & Mutations

Your experience applies equally to all skills.
You have very sharp teeth.
Your uncanny sense of smell can sniff out nearby items.


Message History

You hit the orc priest but do no damage.
You bite the orc priest, but do no damage.
The orc priest is almost dead.
The orc priest hits you but does no damage.
You hit the orc priest but do no damage.
The orc priest is almost dead.
The orc priest mumbles some strange prayers to Beogh against you.
Beogh smites you!
* * * LOW HITPOINT WARNING * * *
The orc priest looks encouraged for a moment.
You feel much better.
The orc priest mumbles some strange prayers to Beogh against you.
Beogh smites you!
* * * LOW HITPOINT WARNING * * *
The orc priest hits you but does no damage.
You are confused.
You feel invigorated.
The orc priest mumbles some strange prayers to Beogh against you.
Pain shoots through your body!
You die...

,,**####.##)#)##.#.#######,*****,
,,,,......................,,,,,,,
,,**####.##)#)##..........,*,***,
,,* #,*#.#.####.######*,*,*,,,
,,* *,*#.#.# #.# *,*,*,,,
,,***###.##.#.####.#######,*,*,*,
,,,,......................,*,****
*,**.###.##.#.####.####.##,*,,,,,
,,,,,,,#,*#.....@o{.....#*,*,****
*,**,***,*###.####o###..#*,*,*,,,
*,**,***,* #.# #.# *,,#*,*,*,,,
,,,,,,,*,* #.#**#o# *,,**,*,*,,,
*,**,*,*,***#..∆,.o#**,,**,*,*,,,
****,*,*,,,,...,,...,,,,**,*,*,,,
****,*,*******,,...#**,,**,*,*,,,
,,,,,,,,,,,,,,,,....,,,,**,*,*,,*
,,,,,*,*,*,***,###.#**,***,*,,,,,


You could see 2 orc priests.

Vanquished Creatures
  A big kobold (Sewer)
  An orc wizard (D:4)
  2 worker ants (D:4)
  Robin (D:4)
  2 river rats (Sewer)
  2 adders (D:3)
  2 oozes (D:1)
  A dart slug (D:1)
  6 leopard geckos
  3 orcs (D:4)
  4 bats
  11 giant cockroaches
  14 goblins
  12 hobgoblins
  14 jackals
  7 kobolds
  A quokka (D:3)
  2 ball pythons
  6 frilled lizards
  7 rats
99 creatures vanquished.

Notes
Turn   | Place    | Note
-------+----------+-------------------------------------------
     0 | D:1      | xccam the Gnoll Wanderer began the quest for the Orb.
     0 | D:1      | xccam set off with the following items: a +0 hand axe, a +0
                  | ring mail, 2 potions of haste, a ration
     0 | D:1      | Reached XP level 1. HP: 23/23 MP: 2/2
    92 | D:1      | Reached XP level 2. HP: 24/29 MP: 3/3
   362 | D:1      | Reached XP level 3. HP: 35/35 MP: 4/4
   400 | D:1      | Reached skill level 1 in Invocations
   743 | D:2      | Reached skill level 1 in Short Blades
   743 | D:2      | Reached skill level 1 in Long Blades
   743 | D:2      | Reached skill level 1 in Maces & Flails
   743 | D:2      | Reached skill level 1 in Polearms
   743 | D:2      | Reached skill level 1 in Staves
   743 | D:2      | Reached skill level 1 in Slings
   743 | D:2      | Reached skill level 1 in Bows
   743 | D:2      | Reached skill level 1 in Crossbows
   743 | D:2      | Reached skill level 1 in Shields
   743 | D:2      | Reached skill level 1 in Spellcasting
   951 | D:2      | Reached XP level 4. HP: 41/41 MP: 6/6
  1954 | D:3      | Found a blossoming altar of Fedhas.
  1971 | D:3      | Reached skill level 1 in Conjurations
  1971 | D:3      | Reached skill level 1 in Hexes
  1971 | D:3      | Reached skill level 1 in Charms
  1971 | D:3      | Reached skill level 1 in Summonings
  1971 | D:3      | Reached skill level 1 in Necromancy
  1971 | D:3      | Reached skill level 1 in Translocations
  1971 | D:3      | Reached skill level 1 in Transmutations
  1971 | D:3      | Reached skill level 1 in Fire Magic
  1971 | D:3      | Reached skill level 1 in Ice Magic
  1971 | D:3      | Reached skill level 1 in Air Magic
  1971 | D:3      | Reached skill level 1 in Earth Magic
  1971 | D:3      | Reached skill level 1 in Poison Magic
  2669 | D:4      | Reached XP level 5. HP: 47/47 MP: 7/7
  2673 | D:4      | Found a glowing drain.
  2730 | Sewer    | Entered a sewer
  3116 | Sewer    | Noticed a big kobold
  3174 | Sewer    | Killed a big kobold
  3404 | Sewer    | Found a white marble altar of Elyvilon.
  3514 | D:4      | Reached XP level 6. HP: 47/53 MP: 8/8
  3666 | D:4      | Noticed Robin
  3682 | D:4      | Killed Robin
  3816 | D:4      | Killed from afar by an orc priest

Illustrated notes

Levels and vault maps discovered:
D:1:      shiori_arrival_maze, layout_basic, minmay_heptomino_w4
D:2:      layout_basic, chequers_serial_rivers_micro_a, serial_park_tiny_1
D:3:      layout_loops_corners, nicolae_overflow_crystal_walls, first_ration
D:4:      layout_basic, gup_sewer_entry_pipe, minmay_unequal, uniq_robin,
          uniq_pikel

Skill      XL: |  1  2  3  4  5  6 |
---------------+-------------------+-----
Invocations    | 1 2 |  2.1
Short Blades   | 1 |  1.9
Long Blades    | 1 |  1.9
Maces & Flails | 1 |  1.9
Polearms       | 1 |  1.9
Staves         | 1 |  1.9
Slings         | 1 |  1.9
Bows           | 1 |  1.9
Crossbows      | 1 |  1.9
Shields        | 1 |  1.9
Spellcasting   | 1 |  1.9
Conjurations   | 1 |  1.5
Hexes          | 1 |  1.5
Charms         | 1 |  1.5
Summonings     | 1 |  1.5
Necromancy     | 1 |  1.5
Translocations | 1 |  1.5
Transmutations | 1 |  1.5
Fire Magic     | 1 |  1.5
Ice Magic      | 1 |  1.5
Air Magic      | 1 |  1.5
Earth Magic    | 1 |  1.5
Poison Magic   | 1 |  1.5
Axes           | 3 |  3.2
Throwing       | 3 |  3.2
Armour         | 3 |  3.2
Dodging        | 3 |  3.2
Unarmed Combat | 3 |  3.2
Evocations     | 3 |  3.2
Stealth        | 3 |  3.0
Fighting       | |  6.8

Action                   |  1- 3 |  4- 6 || total
-------------------------+-------+-------++-------
Melee: Hand axe          |   110 |   222 ||   332
       Bite              |    15 |    14 ||    29
 Fire: Hunting sling     |       |    84 ||    84
  Use: Scroll            |       |     5 ||     5
       Potion            |       |     9 ||     9
 Stab: Sleeping          |     1 |     1 ||     2
  Eat: Chunk             |       |    10 ||    10
Armor: Ring mail         |    32 |    97 ||   129
Dodge: Dodged            |    55 |   129 ||   184
Block: Buckler           |     9 |    45 ||    54
